cohdb
Replays
Latest Replays
All Replays
Popular Replays
Top Player Replays
Match Explorer
How It Works
Community
CoH3 Stats
Reddit
Sign in to upload your games and track your stats! →
Sign in with Steam
Match 41269103
Unlisted
Match 41269103
Overview
Messages
Build Orders
End
Construct Infanterie Kompanie
Grenadier Squad
MG 42 Machine Gun Team
Grenadier Squad
Construct Panzergrenadier Kompanie
Selects Breakthrough Battlegroup
Selects Assault Grenadiers
Panzergrenadier Squad
Panzergrenadier Squad
Panzergrenadier Officer Quarters
Support Elements
Nebelwerfer 42 Rocket Launcher Team
Construct Panzer Kompanie
Selects Rapid Production
Panzer IV Medium Tank
insane
恐虐座下第一小恐龙
simranjitsingh713
Vanguard
[PD]roarr
[PD]No_Option
=-._.-=MR.Paul=-._.-=
灬柒霜傲雪乄
0
0
Comments
sign in to comment!
No comments posted yet!